 Dungeon Crawl Stone Soup version 0.22.1-2-g9c5b331 (webtiles) character file.

51366 Fang the Severer (level 14, -4/94 HPs)
             Began as a Gargoyle Berserker on Nov 26, 2018.
             Was the Champion of Trog.
             Splashed with acid (13 damage)
             ... on level 5 of the Lair of Beasts on Nov 27, 2018.
             The game lasted 00:26:24 (14172 turns).

Fang the Severer (Gargoyle Berserker)              Turns: 14172, Time: 00:26:24

Health: -4/94      AC: 31    Str: 23    XL:     14   Next: 59%
Magic:  14/14      EV:  8    Int: 14    God:    Trog [******]
Gold:   1024       SH:  0    Dex:  9    Spells: 13/13 levels left

rFire    . . .     SeeInvis +   F - +4 broad axe (elec)
rCold    . . .     Gourm    +   (no shield)
rNeg     + . .     Faith    .   q - +2 plate armour
rPois    ∞         Spirit   .   C - +2 helmet
rElec    +         Reflect  .   (no cloak)
rCorr    .         Harm     .   (no gloves)
MR       +....                  (no boots)
Stlth    ..........             a - amulet of the gourmand
HPRegen  0.65/turn              E - +5 ring of intelligence
MPRegen  0.14/turn              r - ring of see invisible

@: berserk cooldown, flying, slowed, very slow
A: big wings, fangs 1, negative energy resistance 1, sense surroundings 1,
regeneration 1, electricity resistance, weak 1, unbreathing, petrification
resistance, rot immunity, AC +10
a: Stop Flying, Berserk, Trog's Hand, Brothers in Arms, Renounce Religion


You were on level 5 of the Lair of Beasts.
You worshipped Trog.
Trog was exalted by your worship.
You were full.

You visited 3 branches of the dungeon, and saw 15 of its levels.
You also visited: Bailey.

You collected 1024 gold pieces.

Inventory:

Hand Weapons
 s - a +3 war axe
 v - a +3 antimagic executioner's axe
 F - a +4 broad axe of electrocution (weapon)
Armour
 q - a +2 plate armour (worn)
 C - a +2 helmet (worn)
Jewellery
 a - an amulet of the gourmand (around neck)
 h - an uncursed ring of protection from cold
 j - an uncursed ring of protection from magic
 l - an uncursed ring of protection from fire
 r - a ring of see invisible (right hand)
 u - an uncursed ring of stealth
 E - a +5 ring of intelligence (left hand)
Wands
 i - a wand of random effects (20)
 k - a wand of polymorph (11)
 w - a wand of enslavement (10)
 y - a wand of paralysis (5)
 z - a wand of flame (17)
 D - a wand of scattershot (2)
 H - a wand of iceblast (9)
Scrolls
 b - 3 scrolls of fog
 e - 13 scrolls of teleportation
 f - 2 scrolls of identify
 m - 5 scrolls of remove curse
 p - 3 scrolls of blinking
Potions
 d - a potion of resistance
 g - 4 potions of haste
 n - 11 potions of curing
 o - 8 potions of heal wounds
 t - a potion of lignification
 x - a potion of brilliance
 A - 2 potions of might
 B - a potion of magic
Comestibles
 c - 29 rations


   Skills:
 + Level 13.3 Fighting
 + Level 15.2 Axes
 + Level 11.2 Armour
 + Level 3.1 Dodging
 + Level 8.2 Stealth


You had 13 spell levels left.
You didn't know any spells.
Your spell library was empty.

Dungeon Overview and Level Annotations

Branches:
Dungeon (9/15)             Temple (1/1) D:4            Lair (5/6) D:9
  Swamp (0/4) Lair:2        Snake (0/4) Lair:4        Slime (0/5) Lair:5
    Orc (0/2) D:9

Altars:
Ashenzari
Cheibriados
Dithmenos
Elyvilon
Fedhas
Gozag
Hepliaklqana
Kikubaaqudgha
Makhleb
Nemelex Xobeh
Okawaru
Qazlal
Ru
Sif Muna
Trog
Uskayaw
Vehumet
Wu Jian
Xom
Yredelemnul
Zin
The Shining One

Shops:
D:6 %   D:7 ?   D:8 (

Annotations:
D:2 exclusion: oklob plant
Lair:3 1 runed door


Innate Abilities, Weirdness & Mutations

You are resistant to torment.
Your stone body is resilient. (AC +10)
You are immune to poison.
Your large and strong wings let you fly indefinitely.
You resist negative energy. (rN+)
You are resistant to electric shocks. (rElec)
You can survive without breathing.
You are immune to petrification.
You are immune to rotting.
You have very sharp teeth.
You passively map a small area around you.
Your natural rate of healing is unusually fast.
You are weak. (Str -2)


Message History

Unknown command.
You slice Snorg!! Lightning courses through Snorg!
You kill Snorg!
Trog accepts your kill.
You are splashed with acid!
The wall burns you!
* * * LOW HITPOINT WARNING * * *
Unknown command.
You are splashed with acid!
The wall burns you!
* * * LOW HITPOINT WARNING * * *
Unknown command.
You feel a strong urge to attack something.
You are splashed with acid!
The wall burns you!
* * * LOW HITPOINT WARNING * * *
You are splashed with acid!
The wall burns you!
* * * LOW HITPOINT WARNING * * *
You are no longer berserk.
You are exhausted.
You feel yourself slow down.
You are splashed with acid!
The wall burns you!
You die...

, ...#..........<.....###
, P............P..P.#.##
...........##....#...#
..........##.........# ,,
..........##.....##..# , ,
.............#.........#
...#...#........##....##
..................#.P..#
..#..>..#@............## ,
, ......................#
...#...#..............####
.....#.................#.#
,
.............P...PP.....##
,
............P..........##
, ,
............#P...#.....##
,
.................#....#.#
,............P#.........##


There were no monsters in sight!

Vanquished Creatures
  Gastronok (Lair:1)
  Snorg (Lair:5)
  3 hydras
  A two-headed ogre (D:9)
  Nergalle (Lair:1)
  The ghost of Wizardfrog the Fighter, a novice HuFi of Okawaru (D:7)
  Pikel (D:6)
  An orc knight (Bailey)
  6 black mambas
  10 elephants (Lair:4)
  10 spiny frogs
  6 komodo dragons
  A polar bear (Lair:2)
  14 blink frogs
  3 hippogriffs
  Eustachio (D:5)
  Sigmund (D:2)
  2 wyverns
  A spriggan (D:8)
  5 yaks
  Menkaure (D:7)
  12 water moccasins
  3 porcupines
  A slave (D:6)
  14 orc warriors
  4 sky beasts
  5 phantoms
  2 black bears
  2 ice beasts (D:6)
  5 ogres
  6 wolves (Lair:2)
  2 centaurs
  6 crocodiles
  5 bullfrogs
  4 scorpions
  3 troll zombies (D:9)
  14 killer bees
  8 wights
  A howler monkey (D:7)
  A centaur zombie (D:7)
  2 electric eels (Lair:2)
  5 crimson imps
  A bullfrog zombie (D:7)
  A quasit (D:6)
  6 jellies (Lair:5)
  2 hounds (D:4)
  6 orc priests
  Crazy Yiuf (D:5)
  7 orc wizards
  Jessica (D:2)
  Ijyb (D:5)
  Terence (D:2)
  An iguana (D:8)
  6 worker ants
  A killer bee zombie (D:5)
  3 ogre zombies (D:9)
  A hound zombie (D:6)
  2 hound skeletons
  3 worker ant zombies
  8 adders
  12 gnolls
  3 oozes
  An adder zombie (D:5)
  3 adder skeletons
  4 worms
  4 dart slugs
  3 leopard geckos
  53 orcs
  4 ball pythons
  4 giant cockroaches
  17 goblins
  25 hobgoblins
  9 jackals
  9 kobolds
  4 quokkas
  8 bats
  4 frilled lizards
  A goblin skeleton (D:9)
  5 goblin zombies (D:9)
  2 hobgoblin skeletons (D:9)
  A jackal skeleton (D:9)
  2 orc skeletons (D:9)
  8 orc zombies (D:9)
  3 quokka zombies
  10 rats
  A fungus (Lair:4)
  4 plants
432 creatures vanquished.

Vanquished Creatures (collateral kills)
  An orc warlord (Bailey)
  A hungry ghost (D:9)
  A two-headed ogre zombie (D:9)
  An orc warrior (Bailey)
  A phantom (D:9)
  An ogre zombie (D:9)
  A gnoll (Bailey)
  An orc (D:9)
  A goblin (Bailey)
  A hobgoblin zombie (D:9)
  An orc skeleton (D:9)
  5 orc zombies (D:9)
16 creatures vanquished.

Vanquished Creatures (others)
  A fungus (Lair:3)
  7 plants
  21 toadstools (D:2)
29 creatures vanquished.

Grand Total: 477 creatures vanquished

Notes
Turn   | Place    | Note
-------+----------+-------------------------------------------
     0 | D:1      | Fang the Gargoyle Berserker began the quest for the Orb.
     0 | D:1      | Reached XP level 1. HP: 14/14 MP: 1/1
   400 | D:1      | Reached XP level 2. HP: 17/19 MP: 2/2
   447 | D:1      | Reached skill level 3 in Axes
   534 | D:1      | Reached XP level 3. HP: 13/24 MP: 3/3
   817 | D:1      | Reached ** piety under Trog
  1317 | D:2      | Noticed Terence
  1332 | D:2      | Killed Terence
  1332 | D:2      | Reached XP level 4. HP: 26/29 MP: 4/4
  1377 | D:2      | Noticed Jessica
  1398 | D:2      | Killed Jessica
  1524 | D:2      | Found a basalt altar of Yredelemnul.
  1554 | D:2      | Found a faded altar of an unknown god.
  1602 | D:2      | Noticed Sigmund
  1617 | D:2      | Killed Sigmund
  1617 | D:2      | Reached skill level 4 in Axes
  1617 | D:2      | Reached XP level 5. HP: 33/34 MP: 5/5
  1617 | D:2      | Reached XP level 6. HP: 38/39 MP: 6/6
  1784 | D:2      | Found a stormy altar of Qazlal.
  1784 | D:2      | Found a sparkling altar of Nemelex Xobeh.
  2082 | D:2      | Found a blossoming altar of Fedhas.
  2094 | D:2      | Noticed an oklob plant
  2607 | D:3      | Reached skill level 5 in Axes
  2830 | D:3      | Found a hazy altar of Hepliaklqana.
  2862 | D:3      | Reached *** piety under Trog
  2932 | D:3      | Found a bloodstained altar of Trog.
  3134 | D:4      | Found a staircase to the Ecumenical Temple.
  3159 | Temple   | Entered the Ecumenical Temple
  3203 | D:4      | Reached XP level 7. HP: 38/44 MP: 7/7
  3320 | D:4      | Reached skill level 5 in Fighting
  3717 | D:5      | Entered Level 5 of the Dungeon
  3748 | D:5      | Reached skill level 6 in Axes
  3909 | D:5      | Noticed Ijyb
  3936 | D:5      | Killed Ijyb
  3941 | D:5      | Reached XP level 8. HP: 46/51 MP: 8/8
  3979 | D:5      | Reached **** piety under Trog
  3979 | D:5      | Noticed Eustachio
  4012 | D:5      | Killed Eustachio
  4012 | D:5      | Reached skill level 7 in Axes
  4438 | D:5      | Found a sparkling altar of Nemelex Xobeh.
  4678 | D:5      | Found a runed door.
  4797 | D:5      | Noticed Crazy Yiuf
  4802 | D:5      | Killed Crazy Yiuf
  5068 | D:6      | Reached skill level 8 in Axes
  5197 | D:6      | Reached skill level 5 in Armour
  5383 | D:6      | Reached XP level 9. HP: 55/56 MP: 9/9
  5430 | D:6      | Found Kyeny's Food Shoppe.
  5551 | D:6      | Found an ancient bone altar of Kikubaaqudgha.
  5626 | D:6      | Found a burning altar of Makhleb.
  5674 | D:6      | Noticed Pikel
  5691 | D:6      | Killed Pikel
  5691 | D:6      | Reached skill level 9 in Axes
  6286 | D:7      | Noticed Menkaure
  6299 | D:7      | Killed Menkaure
  6595 | D:7      | Found a bloodstained altar of Trog.
  6907 | D:7      | Found Qerhifye's Magic Scroll Shoppe.
  7043 | D:7      | Identified the Collected Works on Boosting Translocation
  7143 | D:7      | Found a large runed door.
  7143 | D:7      | Found a large runed door.
  7168 | D:7      | Noticed Wizardfrog's ghost (novice HuFi)
  7224 | D:7      | Reached XP level 10. HP: 64/64 MP: 10/10
  7737 | D:7      | Killed Wizardfrog's ghost
  7737 | D:7      | Reached skill level 10 in Axes
  8254 | D:8      | Gained mutation: You passively map a small area around you.
                  | [potion of mutation]
  8254 | D:8      | Gained mutation: Your natural rate of healing is unusually
                  | fast. [potion of mutation]
  8254 | D:8      | Gained mutation: You are weak. (Str -2) [potion of
                  | mutation]
  8254 | D:8      | Gained mutation: You have very sharp teeth. [potion of
                  | mutation]
  8373 | D:8      | Found Fyoskeek's Weapon Boutique.
  9032 | D:9      | Found a flagged portal.
  9109 | D:9      | Reached ***** piety under Trog
  9133 | D:9      | Found a staircase to the Orcish Mines.
  9193 | Bailey   | Entered a bailey
  9433 | Bailey   | Noticed an orc knight
  9437 | Bailey   | Reached skill level 11 in Axes
  9453 | Bailey   | Killed an orc knight
  9453 | Bailey   | Reached XP level 11. HP: 61/71 MP: 11/11
  9612 | Bailey   | Noticed an orc warlord
  9626 | Bailey   | Killed an orc warlord
  9889 | D:9      | Received a gift from Trog
  9917 | D:9      | Found a shadowy altar of Dithmenos.
  9944 | D:9      | Noticed a two-headed ogre
  9960 | D:9      | Killed a two-headed ogre
  9960 | D:9      | Reached skill level 12 in Axes
 10034 | D:9      | Reached skill level 5 in Stealth
 10034 | D:9      | Reached XP level 12. HP: 80/80 MP: 12/12
 10035 | D:9      | Reached skill level 13 in Axes
 10035 | D:9      | Reached XP level 13. HP: 86/86 MP: 13/13
 10157 | D:9      | Found an ornate altar of the Wu Jian Council.
 10157 | D:9      | Found an opulent altar of Gozag.
 10406 | D:9      | Found a glowing golden altar of the Shining One.
 10501 | D:9      | Found a staircase to the Lair.
 10565 | Lair:1   | Entered Level 1 of the Lair of Beasts
 10656 | Lair:1   | Noticed Gastronok
 10659 | Lair:1   | Found a glowing silver altar of Zin.
 10670 | Lair:1   | Killed Gastronok
 10670 | Lair:1   | Received a gift from Trog
 10726 | Lair:1   | Identified 2 scrolls of acquirement
 11051 | Lair:1   | Noticed Nergalle
 11064 | Lair:1   | Killed Nergalle
 11348 | Lair:2   | Reached skill level 14 in Axes
 11491 | Lair:2   | Reached skill level 10 in Armour
 11593 | Lair:2   | Reached ****** piety under Trog
 11661 | Lair:2   | Gained mutation: Your large and strong wings let you fly
                  | indefinitely. [Gargoyle growth]
 11661 | Lair:2   | Reached XP level 14. HP: 83/92 MP: 14/14
 11712 | Lair:2   | Found a staircase to the Swamp.
 12563 | Lair:3   | Found a runed door.
 13190 | Lair:4   | Reached skill level 15 in Axes
 13305 | Lair:4   | Found a staircase to the Snake Pit.
 13612 | Lair:4   | Received a gift from Trog
 14143 | Lair:5   | Found a staircase to the Slime Pits.
 14155 | Lair:5   | Noticed Snorg
 14168 | Lair:5   | Killed Snorg
 14172 | Lair:5   | Splashed with acid

Skill      XL: |  1  2  3  4  5  6  7  8  9 10 11 12 13 14 |
---------------+-------------------------------------------+-----
Axes           | 3 4 5 6 8 9 11 12 13 14 15 | 15.2
Fighting       | 4 5 6 7 9 11 12 13 | 13.3
Armour         | 3 4 5 6 8 9 10 11 | 11.2
Dodging        | 2 3 |  3.1
Stealth        | 5 8 |  8.2

Action                   |  1- 3 |  4- 6 |  7- 9 | 10-12 | 13-15 || total
-------------------------+-------+-------+-------+-------+-------++-------
Melee: Hand axe          |   128 |   221 |   556 |   233 |       ||  1138
       War axe           |       |       |       |   295 |    48 ||   343
       Bite              |       |       |       |    42 |    42 ||    84
       Broad axe         |       |       |       |       |   342 ||   342
Invok: Berserk           |       |     2 |     7 |     6 |     6 ||    21
       Brothers in Arms  |       |       |       |     2 |       ||     2
 Abil: Fly               |       |       |       |       |     1 ||     1
  Use: Scroll            |       |       |     5 |    15 |     7 ||    27
       Potion            |       |       |       |     4 |       ||     4
  Eat: Chunk             |     1 |     8 |     9 |    32 |    16 ||    66
       Ration            |       |       |     3 |       |       ||     3
Armor: Chain mail        |   104 |    22 |       |       |       ||   126
       Plate armour      |       |   111 |   406 |   410 |   380 ||  1307
Dodge: Dodged            |    65 |    89 |   208 |   187 |   181 ||   730
